Stars vs Bruins

Created - Wednesday, February 11, 2015 at 00:14

Goals
1 2 3 T
Stars 0 1 1 2
Bruins 2 2 5 9
Shots
1 2 3 T
Stars 9 20 16 45
Bruins 12 12 7 31

1st period

1. Bruins , Marian Hossa 19 (Shea Weber, Nick Holden) at 3:43 (PP)
2. Bruins , Tommy Wingels 8 (Shea Weber) at 5:15

Penalties :
Cory Conacher (Dal) for Hooking (Minor) at 2:08, Marian Hossa (Bos) for Holding Stick (Minor) at 6:23, Shea Weber (Bos) for Hooking (Minor) at 11:14

2nd period

3. Stars , Brandon Kozun 1 (John Moore, Cory Conacher) at 3:29
4. Bruins , Marian Hossa 20 (Anze Kopitar) at 8:33
5. Bruins , Anze Kopitar 31 (Jeff Petry) at 16:57

Penalties :
Shea Weber (Bos) for Holding (Minor) at 7:27, John Moore (Dal) for Interference (Minor) at 8:03, Anze Kopitar (Bos) for Hooking (Minor) at 10:02, Brian Boyle (Dal) for Tripping (Minor) at 12:15, Nick Holden (Bos) for Roughing (Minor) at 13:20, Brad Malone (Dal) for Hooking (Minor) at 18:53

3rd period

6. Bruins , Ryan O'Reilly 29 (Matt Duchene, Anze Kopitar) at 0:22 (PP)
7. Bruins , Zemgus Girgensons 3 (Brenden Dillon) at 2:43 (SH)
8. Stars , John Moore 10 (Brian Boyle, Jakub Kindl) at 3:40 (PP)
9. Bruins , Ryan Smyth 6 (Tommy Wingels, Zemgus Girgensons) at 8:48
10. Bruins , Jeff Petry 6 (Ryan O'Reilly, T.J. Oshie) at 16:23
11. Bruins , Ryan Smyth 7 (Jeff Petry) at 17:37 (SH)

Penalties :
T.J. Oshie (Bos) for Roughing (Minor) at 2:20, Brian Boyle (Dal) for Interference (Minor) at 6:12, Radko Gudas (Bos) for Hooking (Minor) at 10:13, Jeff Petry (Bos) for Hooking (Minor) at 12:43, Brenden Dillon (Bos) for Tripping (Minor) at 17:01

Goalie Stats

Joacim Eriksson (Dal), 2 saves from 5 shots - (0.400), 17:17 minutes
Robin Lehner (Dal), 20 saves from 26 shots - (0.769), L, 5-18-3, 42:43 minutes
Peter Budaj (Bos), 43 saves from 45 shots - (0.956), W, 10-0-0, 60:00 minutes

Players Stats for Stars

Player Name              G  A  P  +/- PIM S  H  SB GA TA FO     MP     PP MP  PK MP  
------------------------------------------------------------------------------------
Aaron Johnson            0  0  0  -3  0   2  0  1  0  0  0/0    29:16   9:10   3:10 
Brad Malone              0  0  0  -1  2   0  0  0  0  0  4/10   10:35   0:00   0:23 
Brandon Kozun            1  0  1  -2  0   1  1  1  0  0  0/3    10:10   0:00   0:00 
Brett Ritchie            0  0  0   0  0   0  1  0  0  0  0/0     6:21   0:00   0:00 
Brian Boyle              0  1  1  -1  4   9  2  2  5  1  10/16  18:28   7:46   1:12 
Bruno Gervais            0  0  0  -1  0   1  0  0  0  0  0/0     9:46   0:00   0:15 
Cory Conacher            0  1  1  -3  2   2  2  1  6  0  0/0    17:31   7:09   0:00 
Daniel Cleary            0  0  0  -2  0   7  4  0  4  1  0/3    22:17   7:00   4:36 
Daniel Paille            0  0  0  -3  0   1  1  0  1  0  0/0    19:18   7:09   1:37 
Dmitry Orlov             0  0  0   0  0   1  1  0  0  0  0/0     5:28   0:00   0:00 
Erik Haula               0  0  0   0  0   0  0  0  0  0  0/0     0:00   0:00   0:00 
Jakub Kindl              0  1  1  -3  0   4  1  2  1  3  0/0    24:45   9:10   3:10 
Joe Corvo                0  0  0  -3  0   2  0  2  0  1  0/0    29:47   5:45   3:34 
John Moore               1  1  2  -2  2   10 0  1  2  0  0/0    20:57   5:44   3:19 
Michael Ryder            0  0  0  -2  0   2  1  0  1  0  4/15   25:05   7:17   2:44 
Miikka Salomaki          0  0  0   0  0   1  1  1  0  0  1/3     9:26   0:00   2:56 
Patrick Eaves            0  0  0  -1  0   1  0  0  1  0  0/0    12:44   0:59   0:00 
Rob Klinkhammer          0  0  0  -2  0   1  0  1  6  0  4/7    19:00   7:25   0:00 

Players Stats for Bruins

Player Name              G  A  P  +/- PIM S  H  SB GA TA FO     MP     PP MP  PK MP  
------------------------------------------------------------------------------------
Andre Benoit             0  0  0   1  0   2  0  0  0  0  0/0     5:51   0:00   0:00 
Anze Kopitar             1  2  3   1  2   5  1  1  3  0  14/18  18:35   3:23   0:05 
Brenden Dillon           0  1  1   2  2   2  4  2  1  1  0/0    22:13   0:36   7:05 
Jeff Petry               1  2  3   3  2   3  1  3  0  3  0/0    24:41   0:36   6:11 
Jesse Winchester         0  0  0   2  0   1  1  1  0  0  2/6     8:21   0:00   3:39 
Jonas Brodin             0  0  0   2  0   0  2  1  0  2  0/0    21:59   0:00   8:19 
Marian Hossa             2  0  2   1  2   3  1  0  3  3  1/2    18:48   3:27   0:05 
Matt Duchene             0  1  1   0  0   0  0  0  1  0  1/2    16:13   3:40   0:00 
Nick Holden              0  1  1   0  2   0  1  0  0  1  0/0     6:15   5:25   0:00 
Paul Stastny             0  0  0   1  0   0  1  0  0  0  8/10   14:48   3:20   0:09 
Radko Gudas              0  0  0   2  2   0  1  1  0  3  0/0    15:52   0:21   6:09 
Ryan O'Reilly            1  1  2   1  0   2  0  0  0  0  0/1    14:39   3:17   0:00 
Ryan Smyth               2  0  2   2  0   6  1  0  0  0  0/1    11:18   0:00   3:39 
Shea Weber               0  2  2   2  4   1  0  1  0  1  0/0    24:44   5:54   2:06 
T.J. Oshie               0  1  1   1  2   0  4  1  2  0  1/1    14:38   3:20   0:00 
Tommy Wingels            1  1  2   3  0   3  0  0  2  2  0/0    20:53   0:00  11:02 
Valeri Nichushkin        0  0  0   1  0   1  0  0  2  0  0/0     4:13   0:19   0:00 
Zemgus Girgensons        1  1  2   2  0   2  0  1  0  0  7/16   18:38   0:00  11:11 

3 Stars

1 - Ryan Smyth (Bos)
2 - Jeff Petry (Bos)
3 - Tommy Wingels (Bos)

Power Play

Stars - 1 on 9 Attempt(s) - 11.11%
Bruins - 2 on 5 Attempt(s) - 40.00%

Penalty Kill

Stars - 3 on 5 Attempt(s) - 60.00% - Score 0 goal in Penalty Kill
Bruins - 8 on 9 Attempt(s) - 88.89% - Score 2 goal in Penalty Kill

Team Stat

Stars - Hits : 15 - Faceoff Wins : 23 - Blocked Shots : 12 - Penalty Minutes : 10
Bruins - Hits : 18 - Faceoff Wins : 34 - Blocked Shots : 12 - Penalty Minutes : 18

Official

Referees : Unknown
Linesman : Unknown

Game Notes

Joacim Eriksson enters game at 2:43 of 3rd period

Finance

Level 1 -- Attendance: 5245 (87.42%) -- Ticket Income $419,600
Level 2 -- Attendance: 5000 (100.00%) -- Ticket Income $265,000
Level 3 -- Attendance: 2000 (100.00%) -- Ticket Income $56,000
Level 4 -- Attendance: 3849 (96.23%) -- Ticket Income $65,433
Luxury Box -- Attendance: 1000 (100.00%) -- Ticket Income $176,000
Game was played at the TD Banknorth Garden'
Total Attendance: 17094 (94.97%)
Total Ticket Income: $982,033
Other Income: $481,196
Total Income: $1,463,229

Stars

5 vs 5 Forward 
   Center                   Left Wing                Right Wing               Time % Phy DF OF 
 1 Brian Boyle              Michael Ryder            Daniel Cleary            35     3   1  1  
 2 Brandon Kozun            Daniel Paille            Cory Conacher            30     3   1  1  
 3 Brad Malone              Rob Klinkhammer          Patrick Eaves            22     3   1  1  
 4 Michael Ryder            Miikka Salomaki          Brett Ritchie            13     3   1  1  

5 vs 5 Defense 
   Defense                  Defense                                           Time % Phy DF OF 
 1 Aaron Johnson            Jakub Kindl                                       35     3   1  1  
 2 John Moore               Joe Corvo                                         30     3   1  1  
 3 Joe Corvo                Bruno Gervais                                     22     3   1  1  
 4 Dmitry Orlov             Aaron Johnson                                     13     3   1  1  

PowerPlay Forward 
   Center                   Left Wing                Right Wing               Time % Phy DF OF 
 1 Brian Boyle              Michael Ryder            Daniel Cleary            60     3   1  1  
 2 Rob Klinkhammer          Daniel Paille            Cory Conacher            40     3   1  1  

PowerPlay Defense
   Defense                  Defense                                           Time % Phy DF OF 
 1 Aaron Johnson            Jakub Kindl                                       60     3   1  1  
 2 John Moore               Joe Corvo                                         40     3   1  1  

Penalty Kill 4 Players Forward 
   Center                   Wing                     Time % Phy DF OF 
 1 Michael Ryder            Daniel Cleary            60     3   1  1  
 2 Brian Boyle              Daniel Paille            40     3   1  1  

Penalty Kill 4 Players Defense
   Defense                  Defense                  Time % Phy DF OF 
 1 Aaron Johnson            Jakub Kindl              60     3   1  1  
 2 John Moore               Joe Corvo                40     3   1  1  

Penalty Kill - 3 Players Forward 
   Forward                                           Time % Phy DF OF 
 1 Michael Ryder                                     60     3   1  1  
 2 Daniel Cleary                                     40     3   1  1  

Penalty Kill - 3 Players Defense
   Defense                  Defense                  Time % Phy DF OF 
 1 Aaron Johnson            Jakub Kindl              60     3   1  1  
 2 John Moore               Joe Corvo                40     3   1  1  

4 vs 4 Forward 
   Center                   Wing                     Time % Phy DF OF 
 1 Michael Ryder            Daniel Cleary            60     3   1  1  
 2 Brian Boyle              Daniel Paille            40     3   1  1  

4 vs 4 Defense
   Defense                  Defense                  Time % Phy DF OF 
 1 Aaron Johnson            Jakub Kindl              60     3   1  1  
 2 John Moore               Joe Corvo                40     3   1  1  

Last Minutes Offensive
   Center                   Left Wing                Right Wing               Defense                  Defense                  
   Brian Boyle              Michael Ryder            Daniel Cleary            Aaron Johnson            Jakub Kindl              

Last Minutes Defensive
   Center                   Left Wing                Right Wing               Defense                  Defense                  
   Brian Boyle              Michael Ryder            Daniel Cleary            Aaron Johnson            Jakub Kindl              

Goaltenders
Starting : Robin Lehner             
Backup : Joacim Eriksson          

Extra Forwards
Normal : Rob Klinkhammer, Patrick Eaves, Miikka Salomaki - PP : Rob Klinkhammer, Patrick Eaves - PK : Miikka Salomaki
Extra Defensemen
Normal : Aaron Johnson, Bruno Gervais, Dmitry Orlov - PP : Jakub Kindl - PK : Bruno Gervais, Dmitry Orlov
Penalty Shots
Michael Ryder, Daniel Cleary, Brian Boyle, Daniel Paille, Cory Conacher

Bruins

5 vs 5 Forward 
   Center                   Left Wing                Right Wing               Time % Phy DF OF 
 1 Anze Kopitar             Matt Duchene             Marian Hossa             40     1   2  2  
 2 Paul Stastny             Ryan O'Reilly            T.J. Oshie               30     1   2  2  
 3 Zemgus Girgensons        Ryan Smyth               Tommy Wingels            20     1   2  2  
 4 Jesse Winchester         Valeri Nichushkin        Tommy Wingels            10     2   2  1  

5 vs 5 Defense 
   Defense                  Defense                                           Time % Phy DF OF 
 1 Shea Weber               Jeff Petry                                        40     1   2  2  
 2 Brenden Dillon           Jonas Brodin                                      35     1   2  2  
 3 Radko Gudas              Andre Benoit                                      20     1   2  2  
 4 Radko Gudas              Nick Holden                                       5      1   2  2  

PowerPlay Forward 
   Center                   Left Wing                Right Wing               Time % Phy DF OF 
 1 Anze Kopitar             Matt Duchene             Ryan O'Reilly            60     1   0  4  
 2 Paul Stastny             T.J. Oshie               Marian Hossa             40     1   0  4  

PowerPlay Defense
   Defense                  Defense                                           Time % Phy DF OF 
 1 Shea Weber               Nick Holden                                       60     1   1  3  
 2 Shea Weber               Matt Duchene                                      40     1   1  3  

Penalty Kill 4 Players Forward 
   Center                   Wing                     Time % Phy DF OF 
 1 Zemgus Girgensons        Tommy Wingels            60     1   3  1  
 2 Jesse Winchester         Ryan Smyth               40     1   3  1  

Penalty Kill 4 Players Defense
   Defense                  Defense                  Time % Phy DF OF 
 1 Brenden Dillon           Jonas Brodin             50     1   3  1  
 2 Jeff Petry               Radko Gudas              50     1   3  1  

Penalty Kill - 3 Players Forward 
   Forward                                           Time % Phy DF OF 
 1 Zemgus Girgensons                                 60     1   4  0  
 2 Jesse Winchester                                  40     1   4  0  

Penalty Kill - 3 Players Defense
   Defense                  Defense                  Time % Phy DF OF 
 1 Jonas Brodin             Brenden Dillon           55     1   4  0  
 2 Jeff Petry               Radko Gudas              45     1   4  0  

4 vs 4 Forward 
   Center                   Wing                     Time % Phy DF OF 
 1 Anze Kopitar             Marian Hossa             60     1   1  3  
 2 Paul Stastny             Matt Duchene             40     1   2  2  

4 vs 4 Defense
   Defense                  Defense                  Time % Phy DF OF 
 1 Shea Weber               Jeff Petry               60     1   2  2  
 2 Brenden Dillon           Jonas Brodin             40     1   2  2  

Last Minutes Offensive
   Center                   Left Wing                Right Wing               Defense                  Defense                  
   Anze Kopitar             Matt Duchene             Marian Hossa             Shea Weber               Nick Holden              

Last Minutes Defensive
   Center                   Left Wing                Right Wing               Defense                  Defense                  
   Anze Kopitar             Ryan O'Reilly            Marian Hossa             Shea Weber               Jeff Petry               

Goaltenders
Starting : Peter Budaj              
Backup : Jonathan Quick           

Extra Forwards
Normal : Valeri Nichushkin, Tommy Wingels, Ryan Smyth - PP : Valeri Nichushkin, Tommy Wingels - PK : Paul Stastny
Extra Defensemen
Normal : Brenden Dillon, Radko Gudas, Shea Weber - PP : Radko Gudas - PK : Radko Gudas, Shea Weber
Penalty Shots
T.J. Oshie, Ryan O'Reilly, Anze Kopitar, Matt Duchene, Valeri Nichushkin

% Time on Ice - Stars

Lines # - Real PCT - Wanted PCT - Time Play
Normal Forward
1 - 25% - 35% - 9:07
2 - 29% - 30% - 10:23
3 - 28% - 22% - 10:13
4 - 18% - 13% - 6:21
Normal Defense
1 - 32% - 35% - 11:26
2 - 31% - 30% - 11:20
3 - 22% - 22% - 7:50
4 - 15% - 13% - 5:28
PP Forward
1 - 52% - 60% - 7:46
2 - 48% - 40% - 7:09
PP Defense
1 - 61% - 60% - 9:10
2 - 39% - 40% - 5:45
PK Forward
1 - 84% - 60% - 5:41
2 - 16% - 40% - 1:03
PK Defense
1 - 47% - 60% - 3:10
2 - 53% - 40% - 3:34
PK3 Forward
1 - 0% - 60%
2 - 0% - 40%
PK3 Defense
1 - 0% - 60%
2 - 0% - 40%
44 Forward
1 - 100% - 60% - 2:17
2 - 0% - 40% - 0:00
44 Defense
1 - 43% - 60% - 0:59
2 - 57% - 40% - 1:18
Last Minute Offensive  - 0:00
Last Minute Defensive  - 0:00
Total
Forward - 60:00
Defense - 60:00

% Time on Ice - Bruins

Lines # - Real PCT - Wanted PCT - Time Play
Normal Forward
1 - 41% - 40% - 14:42
2 - 34% - 30% - 12:10
3 - 15% - 20% - 5:21
4 - 11% - 10% - 3:51
Normal Defense
1 - 43% - 40% - 15:36
2 - 40% - 35% - 14:16
3 - 16% - 20% - 5:51
4 - 1% - 5% - 0:21
PP Forward
1 - 50% - 60% - 3:24
2 - 50% - 40% - 3:20
PP Defense
1 - 90% - 60% - 6:02
2 - 10% - 40% - 0:42
PK Forward
1 - 76% - 60% - 11:16
2 - 24% - 40% - 3:39
PK Defense
1 - 58% - 50% - 8:35
2 - 42% - 50% - 6:20
PK3 Forward
1 - 0% - 60%
2 - 0% - 40%
PK3 Defense
1 - 0% - 55%
2 - 0% - 45%
44 Forward
1 - 100% - 60% - 2:17
2 - 0% - 40% - 0:00
44 Defense
1 - 53% - 60% - 1:13
2 - 47% - 40% - 1:04
Last Minute Offensive  - 0:00
Last Minute Defensive  - 0:00
Total
Forward - 60:00
Defense - 60:00

Play by Play

1st period


0:01 of 1st period - Anze Kopitar wins face-off versus Brian Boyle in neutral zone.
0:52 of 1st period - Wrist shot by Ryan O'Reilly.
0:52 of 1st period - Shot Misses the Net.
0:54 of 1st period - Slapshot by Jonas Brodin.
0:54 of 1st period - Shot Misses the Net.
1:16 of 1st period - Wrist shot by Ryan O'Reilly.
1:16 of 1st period - Shot Misses the Net.
1:38 of 1st period - Daniel Paille is hit by Brenden Dillon and loses puck.
1:45 of 1st period - Wrist shot by Tommy Wingels.
1:45 of 1st period - Stopped by Robin Lehner with a rebound.
2:08 of 1st period - Minor Penalty to Cory Conacher for Hooking.
2:09 of 1st period - Anze Kopitar wins face-off versus Michael Ryder in Stars zone.
2:53 of 1st period - Off-side.
2:54 of 1st period - Paul Stastny wins face-off versus Brian Boyle in neutral zone.
3:15 of 1st period - Wrist shot by Marian Hossa.
3:15 of 1st period - Deflect By T.J. Oshie.
3:15 of 1st period - Shot Misses the Net.
3:15 of 1st period - Puck is out of play.
3:16 of 1st period - Paul Stastny wins face-off versus Miikka Salomaki in Stars zone.
3:21 of 1st period - Snap shot by Paul Stastny.
3:21 of 1st period - Shot Blocked by Brian Boyle.
3:23 of 1st period - Slapshot by Nick Holden.
3:23 of 1st period - Deflect By Paul Stastny.
3:23 of 1st period - Shot Misses the Net.
3:23 of 1st period - Puck is out of play.
3:24 of 1st period - Paul Stastny wins face-off versus Miikka Salomaki in Stars zone.
3:29 of 1st period - Snap shot by T.J. Oshie.
3:29 of 1st period - Shot Blocked by Miikka Salomaki.
3:35 of 1st period - Snap shot by T.J. Oshie.
3:35 of 1st period - Shot Misses the Net.
3:37 of 1st period - Slapshot by Nick Holden.
3:37 of 1st period - Shot Blocked by Jakub Kindl.
3:39 of 1st period - Slapshot by Nick Holden.
3:39 of 1st period - Shot Hit the Post.
3:41 of 1st period - Slapshot by Shea Weber.
3:41 of 1st period - Shot Blocked by Aaron Johnson.
3:43 of 1st period - Snap shot by Marian Hossa.
3:43 of 1st period - Goal by Marian Hossa - Stars : 0 - Bruins : 1.
3:44 of 1st period - Brad Malone wins face-off versus Anze Kopitar in neutral zone.
3:52 of 1st period - Snap shot by Marian Hossa.
3:52 of 1st period - Shot Misses the Net.
3:54 of 1st period - Backhand shot by Anze Kopitar.
3:54 of 1st period - Stopped by Robin Lehner with a rebound.
3:56 of 1st period - Slapshot by Brenden Dillon.
3:56 of 1st period - Stopped by Robin Lehner without a rebound.
3:57 of 1st period - Brad Malone wins face-off versus Matt Duchene in Stars zone.
3:57 of 1st period - Brad Malone is hit by Brenden Dillon.
4:00 of 1st period - Icing by Patrick Eaves.
4:01 of 1st period - Anze Kopitar wins face-off versus Brad Malone in Stars zone.
4:54 of 1st period - Bruno Gervais is hit by T.J. Oshie.
5:00 of 1st period - Slapshot by Cory Conacher.
5:00 of 1st period - Stopped by Peter Budaj with a rebound.
5:02 of 1st period - Slapshot by Dmitry Orlov.
5:02 of 1st period - Deflect By T.J. Oshie.
5:02 of 1st period - Stopped by Peter Budaj without a rebound.
5:03 of 1st period - Jesse Winchester wins face-off versus Brandon Kozun in Bruins zone.
5:13 of 1st period - Slapshot by Shea Weber.
5:13 of 1st period - Stopped by Robin Lehner with a rebound.
5:15 of 1st period - Wrist shot by Tommy Wingels.
5:15 of 1st period - Goal by Tommy Wingels - Stars : 0 - Bruins : 2.
5:16 of 1st period - Michael Ryder wins face-off versus Paul Stastny in neutral zone.
5:23 of 1st period - Slapshot by John Moore.
5:23 of 1st period - Deflect By Michael Ryder.
5:23 of 1st period - Shot Misses the Net.
5:23 of 1st period - Puck is out of play.
5:24 of 1st period - Michael Ryder wins face-off versus Paul Stastny in Bruins zone.
5:25 of 1st period - Snap shot by John Moore.
5:25 of 1st period - Stopped by Peter Budaj with a rebound.
5:27 of 1st period - Slapshot by Joe Corvo.
5:27 of 1st period - Shot Misses the Net.
5:29 of 1st period - Snap shot by Brett Ritchie.
5:29 of 1st period - Shot Misses the Net.
6:23 of 1st period - Minor Penalty to Marian Hossa for Holding Stick.
6:24 of 1st period - Rob Klinkhammer wins face-off versus Zemgus Girgensons in Bruins zone.
6:54 of 1st period - Wrist shot by Jakub Kindl.
6:54 of 1st period - Deflect By Rob Klinkhammer.
6:54 of 1st period - Shot Blocked by Brenden Dillon.
6:54 of 1st period - Puck is out of play.
6:55 of 1st period - Zemgus Girgensons wins face-off versus Brian Boyle in Bruins zone.
7:10 of 1st period - Slapshot by Joe Corvo.
7:10 of 1st period - Shot Blocked by Jeff Petry.
7:12 of 1st period - Snap shot by Daniel Cleary.
7:12 of 1st period - Shot Misses the Net.
7:14 of 1st period - Slapshot by John Moore.
7:14 of 1st period - Shot Misses the Net.
7:16 of 1st period - Wrist shot by Daniel Cleary.
7:16 of 1st period - Deflect By Brian Boyle.
7:16 of 1st period - Shot Misses the Net.
7:16 of 1st period - Puck is out of play.
7:17 of 1st period - Zemgus Girgensons wins face-off versus Rob Klinkhammer in Bruins zone.
8:03 of 1st period - Snap shot by Brian Boyle.
8:03 of 1st period - Deflect By Daniel Cleary.
8:03 of 1st period - Shot Hit the Post.
8:03 of 1st period - Puck is out of play.
8:04 of 1st period - Brian Boyle wins face-off versus Ryan Smyth in Bruins zone.
8:05 of 1st period - Slapshot by John Moore.
8:05 of 1st period - Deflect By Daniel Cleary.
8:05 of 1st period - Shot Misses the Net.
8:05 of 1st period - Puck is out of play.
8:06 of 1st period - Brian Boyle wins face-off versus Jesse Winchester in Bruins zone.
8:11 of 1st period - Wrist shot by John Moore.
8:11 of 1st period - Stopped by Peter Budaj with a rebound.
8:21 of 1st period - Slapshot by John Moore.
8:21 of 1st period - Stopped by Peter Budaj with a rebound.
8:23 of 1st period - Penalty to Marian Hossa is over, Marian Hossa is back on ice.
8:23 of 1st period - Snap shot by Brian Boyle.
8:23 of 1st period - Shot Misses the Net.
8:25 of 1st period - Snap shot by John Moore.
8:25 of 1st period - Shot Blocked by Jeff Petry.
8:27 of 1st period - Backhand shot by Daniel Cleary.
8:27 of 1st period - Stopped by Peter Budaj with a rebound.
9:22 of 1st period - Icing by Patrick Eaves.
9:23 of 1st period - Marian Hossa wins face-off versus Brad Malone in Stars zone.
9:26 of 1st period - Snap shot by Matt Duchene.
9:26 of 1st period - Shot Blocked by Rob Klinkhammer.
9:28 of 1st period - Wrist shot by Marian Hossa.
9:28 of 1st period - Stopped by Robin Lehner with a rebound.
9:30 of 1st period - Slapshot by Jonas Brodin.
9:30 of 1st period - Shot Misses the Net.
9:32 of 1st period - Wrist shot by Marian Hossa.
9:32 of 1st period - Shot Misses the Net.
9:34 of 1st period - Slapshot by Brenden Dillon.
9:34 of 1st period - Deflect By Aaron Johnson.
9:34 of 1st period - Stopped by Robin Lehner with a rebound.
10:02 of 1st period - Slapshot by Dmitry Orlov.
10:02 of 1st period - Shot Blocked by Brenden Dillon.
10:14 of 1st period - Jonas Brodin is hit by Brandon Kozun and loses puck.
10:50 of 1st period - Slapshot by Brian Boyle.
10:50 of 1st period - Stopped by Peter Budaj with a rebound.
10:52 of 1st period - Wrist shot by Daniel Cleary.
10:52 of 1st period - Stopped by Peter Budaj without a rebound.
10:53 of 1st period - Paul Stastny wins face-off versus Michael Ryder in Bruins zone.
11:01 of 1st period - Off-side.
11:02 of 1st period - Michael Ryder wins face-off versus Ryan O'Reilly in neutral zone.
11:14 of 1st period - Minor Penalty to Shea Weber for Hooking.
11:15 of 1st period - Rob Klinkhammer wins face-off versus Zemgus Girgensons in Bruins zone.
11:45 of 1st period - Snap shot by Zemgus Girgensons.
11:45 of 1st period - Stopped by Robin Lehner with a rebound.
12:03 of 1st period - Jeff Petry is hit by Daniel Cleary and loses puck.
12:16 of 1st period - Slapshot by John Moore.
12:16 of 1st period - Stopped by Peter Budaj without a rebound.
12:17 of 1st period - Zemgus Girgensons wins face-off versus Michael Ryder in Bruins zone.
12:26 of 1st period - Ryan Smyth is hit by Brian Boyle and loses puck.
13:14 of 1st period - Penalty to Shea Weber is over, Shea Weber is back on ice.
13:16 of 1st period - Shea Weber is hit by Daniel Cleary and loses puck.
13:31 of 1st period - Wrist shot by Rob Klinkhammer.
13:31 of 1st period - Shot Blocked by Shea Weber.
14:48 of 1st period - Icing by Patrick Eaves.
14:49 of 1st period - Anze Kopitar wins face-off versus Brad Malone in Stars zone.
15:08 of 1st period - Wrist shot by Anze Kopitar.
15:08 of 1st period - Stopped by Robin Lehner with a rebound.
15:20 of 1st period - Anze Kopitar is hit by Dmitry Orlov and loses puck.
16:12 of 1st period - Brian Boyle is hit by T.J. Oshie and loses puck.
16:17 of 1st period - Slapshot by Ryan O'Reilly.
16:17 of 1st period - Stopped by Robin Lehner with a rebound.
17:01 of 1st period - Jeff Petry is hit by Miikka Salomaki and loses puck.
17:18 of 1st period - Wrist shot by Valeri Nichushkin.
17:18 of 1st period - Shot Misses the Net.
17:26 of 1st period - Snap shot by Valeri Nichushkin.
17:26 of 1st period - Stopped by Robin Lehner with a rebound.
17:28 of 1st period - Backhand shot by Jonas Brodin.
17:28 of 1st period - Shot Misses the Net.
18:19 of 1st period - John Moore is hit by T.J. Oshie and loses puck.
19:16 of 1st period - Jonas Brodin is hit by Brett Ritchie and loses puck.
19:33 of 1st period - Daniel Paille is hit by T.J. Oshie.
Goals for this period are 0 for Stars vs 2 for Bruins.
Shots for this period are 9 for Stars vs 12 for Bruins.

2nd period


0:01 of 2nd period - Brian Boyle wins face-off versus Zemgus Girgensons in neutral zone.
0:24 of 2nd period - Wrist shot by Brian Boyle.
0:24 of 2nd period - Stopped by Peter Budaj with a rebound.
0:26 of 2nd period - Slapshot by Aaron Johnson.
0:26 of 2nd period - Stopped by Peter Budaj with a rebound.
0:28 of 2nd period - Wrist shot by Aaron Johnson.
0:28 of 2nd period - Deflect By Daniel Cleary.
0:28 of 2nd period - Stopped by Peter Budaj with a rebound.
0:32 of 2nd period - Wrist shot by Daniel Cleary.
0:32 of 2nd period - Stopped by Peter Budaj with a rebound.
0:34 of 2nd period - Snap shot by Brian Boyle.
0:34 of 2nd period - Shot Misses the Net.
0:36 of 2nd period - Slapshot by Daniel Cleary.
0:36 of 2nd period - Shot Misses the Net.
0:56 of 2nd period - Marian Hossa is hit by Cory Conacher and loses puck.
1:03 of 2nd period - Snap shot by Cory Conacher.
1:03 of 2nd period - Stopped by Peter Budaj without a rebound.
1:04 of 2nd period - Anze Kopitar wins face-off versus Brad Malone in Bruins zone.
1:15 of 2nd period - Snap shot by Patrick Eaves.
1:15 of 2nd period - Shot Blocked by Radko Gudas.
3:27 of 2nd period - Slapshot by John Moore.
3:27 of 2nd period - Stopped by Peter Budaj with a rebound.
3:29 of 2nd period - Snap shot by Brandon Kozun.
3:29 of 2nd period - Goal by Brandon Kozun - Stars : 1 - Bruins : 2.
3:30 of 2nd period - Paul Stastny wins face-off versus Brandon Kozun in neutral zone.
3:41 of 2nd period - Slapshot by Ryan O'Reilly.
3:41 of 2nd period - Shot Blocked by Jakub Kindl.
3:59 of 2nd period - Snap shot by Ryan O'Reilly.
3:59 of 2nd period - Shot Misses the Net.
4:05 of 2nd period - Slapshot by T.J. Oshie.
4:05 of 2nd period - Shot Misses the Net.
4:27 of 2nd period - Brian Boyle is hit by Ryan Smyth and loses puck.
4:34 of 2nd period - Slapshot by Tommy Wingels.
4:34 of 2nd period - Shot Blocked by Brian Boyle.
4:36 of 2nd period - Slapshot by Andre Benoit.
4:36 of 2nd period - Shot Misses the Net.
4:40 of 2nd period - Snap shot by Tommy Wingels.
4:40 of 2nd period - Shot Misses the Net.
4:42 of 2nd period - Backhand shot by Andre Benoit.
4:42 of 2nd period - Stopped by Robin Lehner with a rebound.
4:44 of 2nd period - Snap shot by Ryan Smyth.
4:44 of 2nd period - Stopped by Robin Lehner with a rebound.
4:46 of 2nd period - Snap shot by Andre Benoit.
4:46 of 2nd period - Stopped by Robin Lehner with a rebound.
6:24 of 2nd period - Wrist shot by Daniel Paille.
6:24 of 2nd period - Stopped by Peter Budaj with a rebound.
7:27 of 2nd period - Minor Penalty to Shea Weber for Holding.
7:28 of 2nd period - Zemgus Girgensons wins face-off versus Brian Boyle in Bruins zone.
8:01 of 2nd period - Slapshot by Tommy Wingels.
8:01 of 2nd period - Stopped by Robin Lehner with a rebound.
8:03 of 2nd period - Minor Penalty to John Moore for Interference.
8:04 of 2nd period - Anze Kopitar wins face-off versus Michael Ryder in Stars zone.
8:33 of 2nd period - Slapshot by Marian Hossa.
8:33 of 2nd period - Goal by Marian Hossa - Stars : 1 - Bruins : 3.
8:34 of 2nd period - Michael Ryder wins face-off versus Marian Hossa in neutral zone.
8:37 of 2nd period - Slapshot by Joe Corvo.
8:37 of 2nd period - Stopped by Peter Budaj with a rebound.
8:47 of 2nd period - Slapshot by Daniel Cleary.
8:47 of 2nd period - Shot Misses the Net.
8:49 of 2nd period - Snap shot by Michael Ryder.
8:49 of 2nd period - Stopped by Peter Budaj with a rebound.
9:17 of 2nd period - Snap shot by Anze Kopitar.
9:17 of 2nd period - Stopped by Robin Lehner without a rebound.
9:18 of 2nd period - Anze Kopitar wins face-off versus Michael Ryder in Stars zone.
9:27 of 2nd period - Penalty to Shea Weber is over, Shea Weber is back on ice.
9:29 of 2nd period - Michael Ryder is hit by Marian Hossa and loses puck.
9:48 of 2nd period - Wrist shot by Daniel Cleary.
9:48 of 2nd period - Stopped by Peter Budaj with a rebound.
9:50 of 2nd period - Snap shot by Miikka Salomaki.
9:50 of 2nd period - Stopped by Peter Budaj with a rebound.
9:52 of 2nd period - Snap shot by Daniel Cleary.
9:52 of 2nd period - Shot Blocked by Anze Kopitar.
9:54 of 2nd period - Slapshot by Bruno Gervais.
9:54 of 2nd period - Stopped by Peter Budaj with a rebound.
10:02 of 2nd period - Minor Penalty to Anze Kopitar for Hooking.
10:03 of 2nd period - Penalty to John Moore is over, John Moore is back on ice.
10:03 of 2nd period - Rob Klinkhammer wins face-off versus Zemgus Girgensons in Bruins zone.
10:06 of 2nd period - Snap shot by Rob Klinkhammer.
10:06 of 2nd period - Stopped by Peter Budaj with a rebound.
10:42 of 2nd period - Tommy Wingels is hit by Cory Conacher and loses puck.
10:59 of 2nd period - Slapshot by John Moore.
10:59 of 2nd period - Stopped by Peter Budaj with a rebound.
11:42 of 2nd period - Patrick Eaves is hit by Radko Gudas and loses puck.
12:02 of 2nd period - Penalty to Anze Kopitar is over, Anze Kopitar is back on ice.
12:15 of 2nd period - Minor Penalty to Brian Boyle for Tripping.
12:16 of 2nd period - Paul Stastny wins face-off versus Daniel Cleary in Stars zone.
12:50 of 2nd period - Slapshot by T.J. Oshie.
12:50 of 2nd period - Shot Misses the Net.
12:52 of 2nd period - Slapshot by Shea Weber.
12:52 of 2nd period - Shot Blocked by Joe Corvo.
13:04 of 2nd period - Shea Weber is hit by Daniel Paille and loses puck.
13:09 of 2nd period - Slapshot by Jakub Kindl.
13:09 of 2nd period - Stopped by Peter Budaj with a rebound.
13:20 of 2nd period - Minor Penalty to Nick Holden for Roughing.
13:21 of 2nd period - Anze Kopitar wins face-off versus Michael Ryder in Bruins zone.
13:54 of 2nd period - Slapshot by Anze Kopitar.
13:54 of 2nd period - Stopped by Robin Lehner without a rebound.
13:55 of 2nd period - Anze Kopitar wins face-off versus Rob Klinkhammer in Stars zone.
14:15 of 2nd period - Penalty to Brian Boyle is over, Brian Boyle is back on ice.
14:30 of 2nd period - Snap shot by Brian Boyle.
14:30 of 2nd period - Stopped by Peter Budaj without a rebound.
14:31 of 2nd period - Zemgus Girgensons wins face-off versus Rob Klinkhammer in Bruins zone.
14:57 of 2nd period - Snap shot by Cory Conacher.
14:57 of 2nd period - Shot Misses the Net.
15:20 of 2nd period - Penalty to Nick Holden is over, Nick Holden is back on ice.
16:05 of 2nd period - Wrist shot by Rob Klinkhammer.
16:05 of 2nd period - Shot Misses the Net.
16:07 of 2nd period - Slapshot by Aaron Johnson.
16:07 of 2nd period - Stopped by Peter Budaj with a rebound.
16:21 of 2nd period - Ryan O'Reilly is hit by Michael Ryder and loses puck.
16:28 of 2nd period - Slapshot by Joe Corvo.
16:28 of 2nd period - Stopped by Peter Budaj with a rebound.
16:30 of 2nd period - Snap shot by Joe Corvo.
16:30 of 2nd period - Shot Blocked by T.J. Oshie.
16:32 of 2nd period - Wrist shot by Brett Ritchie.
16:32 of 2nd period - Shot Misses the Net.
16:34 of 2nd period - Wrist shot by John Moore.
16:34 of 2nd period - Stopped by Peter Budaj with a rebound.
16:57 of 2nd period - Snap shot by Anze Kopitar.
16:57 of 2nd period - Goal by Anze Kopitar - Stars : 1 - Bruins : 4.
16:58 of 2nd period - Anze Kopitar wins face-off versus Brad Malone in neutral zone.
17:09 of 2nd period - Slapshot by Anze Kopitar.
17:09 of 2nd period - Shot Misses the Net.
17:11 of 2nd period - Wrist shot by Shea Weber.
17:11 of 2nd period - Shot Misses the Net.
17:13 of 2nd period - Slapshot by Jeff Petry.
17:13 of 2nd period - Stopped by Robin Lehner with a rebound.
17:15 of 2nd period - Slapshot by Jeff Petry.
17:15 of 2nd period - Deflect By Jakub Kindl.
17:15 of 2nd period - Stopped by Robin Lehner with a rebound.
17:17 of 2nd period - Slapshot by Shea Weber.
17:17 of 2nd period - Shot Misses the Net.
18:11 of 2nd period - Wrist shot by Ryan Smyth.
18:11 of 2nd period - Stopped by Robin Lehner with a rebound.
18:13 of 2nd period - Wrist shot by Ryan Smyth.
18:13 of 2nd period - Stopped by Robin Lehner with a rebound.
18:53 of 2nd period - Minor Penalty to Brad Malone for Hooking.
18:54 of 2nd period - Miikka Salomaki wins face-off versus Anze Kopitar in Stars zone.
19:56 of 2nd period - Joe Corvo is hit by Nick Holden and loses puck.
Goals for this period are 1 for Stars vs 2 for Bruins.
Shots for this period are 20 for Stars vs 12 for Bruins.

3rd period


0:01 of 3rd period - Anze Kopitar wins face-off versus Michael Ryder in neutral zone.
0:22 of 3rd period - Backhand shot by Ryan O'Reilly.
0:22 of 3rd period - Goal by Ryan O'Reilly - Stars : 1 - Bruins : 5.
0:23 of 3rd period - Brian Boyle wins face-off versus Anze Kopitar in neutral zone.
0:30 of 3rd period - Snap shot by Brian Boyle.
0:30 of 3rd period - Stopped by Peter Budaj without a rebound.
0:31 of 3rd period - Matt Duchene wins face-off versus Brian Boyle in Bruins zone.
1:04 of 3rd period - Slapshot by Jakub Kindl.
1:04 of 3rd period - Shot Misses the Net.
1:20 of 3rd period - Slapshot by Jakub Kindl.
1:20 of 3rd period - Stopped by Peter Budaj with a rebound.
1:22 of 3rd period - Slapshot by Cory Conacher.
1:22 of 3rd period - Shot Blocked by Jeff Petry.
1:24 of 3rd period - Wrist shot by Daniel Paille.
1:24 of 3rd period - Shot Misses the Net.
2:20 of 3rd period - Minor Penalty to T.J. Oshie for Roughing.
2:21 of 3rd period - Brian Boyle wins face-off versus Zemgus Girgensons in Bruins zone.
2:27 of 3rd period - Slapshot by Jakub Kindl.
2:27 of 3rd period - Stopped by Peter Budaj with a rebound.
2:43 of 3rd period - Snap shot by Zemgus Girgensons.
2:43 of 3rd period - Goal by Zemgus Girgensons - Stars : 1 - Bruins : 6.
2:43 of 3rd period - Joacim Eriksson enters game.
2:44 of 3rd period - Rob Klinkhammer wins face-off versus Zemgus Girgensons in neutral zone.
2:51 of 3rd period - Wrist shot by Rob Klinkhammer.
2:51 of 3rd period - Shot Misses the Net.
3:40 of 3rd period - Slapshot by John Moore.
3:40 of 3rd period - Goal by John Moore - Stars : 2 - Bruins : 6.
3:41 of 3rd period - Anze Kopitar wins face-off versus Michael Ryder in neutral zone.
3:54 of 3rd period - Snap shot by Brian Boyle.
3:54 of 3rd period - Shot Misses the Net.
3:56 of 3rd period - Slapshot by John Moore.
3:56 of 3rd period - Stopped by Peter Budaj with a rebound.
4:16 of 3rd period - Snap shot by Brian Boyle.
4:16 of 3rd period - Stopped by Peter Budaj with a rebound.
4:18 of 3rd period - Slapshot by John Moore.
4:18 of 3rd period - Deflect By Brian Boyle.
4:18 of 3rd period - Shot Misses the Net.
4:18 of 3rd period - Puck is out of play.
4:19 of 3rd period - Paul Stastny wins face-off versus Brandon Kozun in Bruins zone.
5:15 of 3rd period - John Moore is hit by Jesse Winchester and loses puck.
5:27 of 3rd period - Wrist shot by Jesse Winchester.
5:27 of 3rd period - Stopped by Joacim Eriksson without a rebound.
5:28 of 3rd period - Anze Kopitar wins face-off versus Daniel Cleary in Stars zone.
5:35 of 3rd period - Brian Boyle is hit by Anze Kopitar and loses puck.
6:12 of 3rd period - Minor Penalty to Brian Boyle for Interference.
6:13 of 3rd period - Paul Stastny wins face-off versus Michael Ryder in Stars zone.
7:48 of 3rd period - Daniel Paille is hit by Paul Stastny and loses puck.
8:12 of 3rd period - Penalty to Brian Boyle is over, Brian Boyle is back on ice.
8:46 of 3rd period - Snap shot by Tommy Wingels.
8:46 of 3rd period - Shot Misses the Net.
8:48 of 3rd period - Snap shot by Ryan Smyth.
8:48 of 3rd period - Goal by Ryan Smyth - Stars : 2 - Bruins : 7.
8:49 of 3rd period - Jesse Winchester wins face-off versus Brad Malone in neutral zone.
9:03 of 3rd period - Off-side.
9:04 of 3rd period - Brad Malone wins face-off versus Jesse Winchester in neutral zone.
9:13 of 3rd period - Snap shot by Patrick Eaves.
9:13 of 3rd period - Stopped by Peter Budaj with a rebound.
9:47 of 3rd period - Wrist shot by Ryan O'Reilly.
9:47 of 3rd period - Shot Blocked by John Moore.
10:03 of 3rd period - Slapshot by Ryan O'Reilly.
10:03 of 3rd period - Shot Blocked by Cory Conacher.
10:13 of 3rd period - Minor Penalty to Radko Gudas for Hooking.
10:14 of 3rd period - Brian Boyle wins face-off versus Zemgus Girgensons in Bruins zone.
10:31 of 3rd period - Wrist shot by Jakub Kindl.
10:31 of 3rd period - Shot Blocked by Zemgus Girgensons.
10:33 of 3rd period - Wrist shot by Daniel Cleary.
10:33 of 3rd period - Stopped by Peter Budaj without a rebound.
10:34 of 3rd period - Zemgus Girgensons wins face-off versus Daniel Cleary in Bruins zone.
10:34 of 3rd period - Zemgus Girgensons is hit by Daniel Cleary.
10:46 of 3rd period - Snap shot by Jakub Kindl.
10:46 of 3rd period - Deflect By Brian Boyle.
10:46 of 3rd period - Stopped by Peter Budaj with a rebound.
10:48 of 3rd period - Slapshot by Aaron Johnson.
10:48 of 3rd period - Deflect By Brian Boyle.
10:48 of 3rd period - Stopped by Peter Budaj with a rebound.
10:52 of 3rd period - Snap shot by Brian Boyle.
10:52 of 3rd period - Stopped by Peter Budaj with a rebound.
11:27 of 3rd period - Brenden Dillon is hit by Jakub Kindl and loses puck.
11:54 of 3rd period - Wrist shot by John Moore.
11:54 of 3rd period - Shot Blocked by Jonas Brodin.
11:56 of 3rd period - Slapshot by Joe Corvo.
11:56 of 3rd period - Shot Misses the Net.
11:58 of 3rd period - Wrist shot by Michael Ryder.
11:58 of 3rd period - Deflect By Brian Boyle.
11:58 of 3rd period - Shot Blocked by Jesse Winchester.
11:58 of 3rd period - Puck is out of play.
11:59 of 3rd period - Brian Boyle wins face-off versus Jesse Winchester in Bruins zone.
12:00 of 3rd period - Slapshot by Jakub Kindl.
12:00 of 3rd period - Stopped by Peter Budaj with a rebound.
12:13 of 3rd period - Penalty to Radko Gudas is over, Radko Gudas is back on ice.
12:43 of 3rd period - Minor Penalty to Jeff Petry for Hooking.
12:44 of 3rd period - Brian Boyle wins face-off versus Jesse Winchester in Bruins zone.
12:45 of 3rd period - Slapshot by Jakub Kindl.
12:45 of 3rd period - Shot Misses the Net.
12:57 of 3rd period - Aaron Johnson is hit by Jonas Brodin and loses puck.
13:06 of 3rd period - Wrist shot by Ryan Smyth.
13:06 of 3rd period - Stopped by Joacim Eriksson with a rebound.
13:26 of 3rd period - Wrist shot by Tommy Wingels.
13:26 of 3rd period - Shot Misses the Net.
13:28 of 3rd period - Slapshot by Brenden Dillon.
13:28 of 3rd period - Shot Blocked by Joe Corvo.
13:52 of 3rd period - Daniel Cleary is hit by Jonas Brodin and loses puck.
13:59 of 3rd period - Daniel Cleary is hit by Brenden Dillon and loses puck.
14:40 of 3rd period - Tommy Wingels is hit by Brian Boyle and loses puck.
14:43 of 3rd period - Penalty to Jeff Petry is over, Jeff Petry is back on ice.
14:49 of 3rd period - Snap shot by Brian Boyle.
14:49 of 3rd period - Stopped by Peter Budaj with a rebound.
16:19 of 3rd period - Slapshot by Ryan O'Reilly.
16:19 of 3rd period - Shot Misses the Net.
16:21 of 3rd period - Slapshot by Jeff Petry.
16:21 of 3rd period - Shot Blocked by Brandon Kozun.
16:23 of 3rd period - Slapshot by Jeff Petry.
16:23 of 3rd period - Goal by Jeff Petry - Stars : 2 - Bruins : 8.
16:24 of 3rd period - T.J. Oshie wins face-off versus Michael Ryder in neutral zone.
16:29 of 3rd period - Brett Ritchie is hit by Brenden Dillon and loses puck.
17:01 of 3rd period - Minor Penalty to Brenden Dillon for Tripping.
17:02 of 3rd period - Zemgus Girgensons wins face-off versus Brian Boyle in Bruins zone.
17:37 of 3rd period - Wrist shot by Ryan Smyth.
17:37 of 3rd period - Goal by Ryan Smyth - Stars : 2 - Bruins : 9.
17:38 of 3rd period - Brian Boyle wins face-off versus Zemgus Girgensons in neutral zone.
17:47 of 3rd period - Slapshot by John Moore.
17:47 of 3rd period - Stopped by Peter Budaj with a rebound.
17:49 of 3rd period - Snap shot by Daniel Cleary.
17:49 of 3rd period - Stopped by Peter Budaj without a rebound.
17:50 of 3rd period - Brian Boyle wins face-off versus Zemgus Girgensons in Bruins zone.
17:51 of 3rd period - Snap shot by Daniel Cleary.
17:51 of 3rd period - Deflect By Michael Ryder.
17:51 of 3rd period - Stopped by Peter Budaj with a rebound.
18:05 of 3rd period - Snap shot by John Moore.
18:05 of 3rd period - Shot Misses the Net.
19:01 of 3rd period - Penalty to Brenden Dillon is over, Brenden Dillon is back on ice.
19:06 of 3rd period - Jonas Brodin is hit by Daniel Cleary.
19:10 of 3rd period - Slapshot by Shea Weber.
19:10 of 3rd period - Deflect By Ryan Smyth.
19:10 of 3rd period - Shot Misses the Net.
19:10 of 3rd period - Puck is out of play.
19:11 of 3rd period - Anze Kopitar wins face-off versus Michael Ryder in Stars zone.
19:14 of 3rd period - Snap shot by Matt Duchene.
19:14 of 3rd period - Deflect By Anze Kopitar.
19:14 of 3rd period - Shot Misses the Net.
19:14 of 3rd period - Puck is out of play.
19:15 of 3rd period - Brad Malone wins face-off versus Anze Kopitar in Stars zone.
19:36 of 3rd period - Aaron Johnson is hit by Jeff Petry and loses puck.
Goals for this period are 1 for Stars vs 5 for Bruins.
Shots for this period are 16 for Stars vs 7 for Bruins.


Output by the SimonT Hockey Simulator (STHS) for Eric Dolegowski -- Original Page W3C XHTML 1.0 Valid
Hockey Simulator - Hockey Simulation - Hockey Manager